 Dungeon Crawl Stone Soup version 0.22.0-13-g43fe8f2 (webtiles) character file.

1119 Hildebrand the Fighter (level 8, -5/77 HPs)
             Began as a Minotaur Berserker on Aug 16, 2018.
             Was a Believer of Trog.
             Slain by Prince Ribbit (14 damage)
             ... on level 5 of the Dungeon.
             The game lasted 00:14:50 (3685 turns).

Hildebrand the Fighter (Minotaur Berserker)         Turns: 3685, Time: 00:14:51

Health: -5/77      AC:  8    Str: 22    XL:     8   Next: 12%
Magic:  7/7        EV:  8    Int:  6    God:    Trog [**....]
Gold:   269        SH:  0    Dex: 10    Spells: 7/7 levels left

rFire    . . .     SeeInvis .   a - +1 hand axe
rCold    . . .     Gourm    .   (no shield)
rNeg     . . .     Faith    .   i - +0 chain mail
rPois    +         Spirit   .   (helmet restricted)
rElec    .         Reflect  .   (no cloak)
rCorr    .         Harm     .   (no gloves)
MR       .....                  (no boots)
Stlth    ..........             (no amulet)
HPRegen  0.22/turn              m - ring of poison resistance
MPRegen  0.10/turn              (no ring)

@: berserk cooldown
A: retaliatory headbutt, horns 2
a: Berserk, Trog's Hand, Renounce Religion


You were on level 5 of the Dungeon.
You worshipped Trog.
Trog was pleased with you.
You were near starving.

You visited 2 branches of the dungeon, and saw 6 of its levels.

You collected 269 gold pieces.

Inventory:

Hand Weapons
 a - a +1 hand axe (weapon)
Armour
 i - a +0 chain mail (worn)
Jewellery
 m - a ring of poison resistance (left hand)
Wands
 q - a wand of polymorph (10)
Scrolls
 d - 2 scrolls of enchant weapon
 g - a scroll of magic mapping
 k - 2 scrolls of remove curse
 l - a scroll of identify
 s - 2 scrolls of teleportation
Potions
 e - 2 potions of agility
 f - 3 potions of heal wounds
 h - 2 potions of curing
 j - a potion of invisibility
 o - a potion of lignification {unknown}
Comestibles
 b - 9 chunks of flesh
 c - 7 rations


   Skills:
 * Level 8.9 Fighting
 * Level 8.9 Axes
 - Level 2.4 Armour
 - Level 2.1 Dodging


You had 7 spell levels left.
You didn't know any spells.
Your spell library was empty.

Dungeon Overview and Level Annotations

Branches:
Dungeon (5/15)             Temple (1/1) D:5

Altars:
Cheibriados
Dithmenos
Hepliaklqana
Nemelex Xobeh
Ru
Uskayaw

Shops:
D:4 ((%

Annotations:
D:5 2 transporters, OneManBand's ghost, novice HOMo; Prince Ribbit


Innate Abilities, Weirdness & Mutations

You reflexively headbutt those who attack you in melee.
You have a pair of horns on your head.


Message History

Your skin stops crawling.
You feel less resistant to hostile enchantments.
Prince Ribbit hits you!
* * * LOW HITPOINT WARNING * * *
Prince Ribbit hits you.
* * * LOW HITPOINT WARNING * * *
Prince Ribbit hits you.
* * * LOW HITPOINT WARNING * * *
Prince Ribbit hits you but does no damage.
Prince Ribbit hits you.
* * * LOW HITPOINT WARNING * * *
You feel yourself speed up.
Prince Ribbit hits you but does no damage.
Prince Ribbit hits you!
* * * LOW HITPOINT WARNING * * *
You barely miss Prince Ribbit.
Prince Ribbit is moderately wounded.
A jackal comes into view.
Prince Ribbit hits you!
You die...

#####. ........####### .....
. ###......[### # .....
##...#.###...##### ##.## . .
#....#.# ###...... ....#..
..#####...#.. ######. ......#
...........!. ..##### .⌠..#
.........##.# #...[.( ....#.#
......<...#.# ######. .......
.......@F.#.######## #.
....#..#....................#
#.
.⌠..##............#[))......#
#.
.........h...#...#...)......#
#.
....#.......................#
#.
##.##...>.....##............#
##.
..............###..###.####.#
#.. ###................###.#
#.###>. #
#..................#.#
#..#..÷


You could see Prince Ribbit and a jackal (wandering).

Vanquished Creatures
  A hungry ghost (D:4)
  Menkaure (D:4)
  A phantom (D:4)
  3 ogres
  A scorpion (D:5)
  A howler monkey (D:4)
  2 hounds
  A bullfrog skeleton (D:4)
  An iguana (D:5)
  Terence (D:3)
  2 worker ants (D:5)
  A hound zombie (D:5)
  A hound skeleton (D:5)
  6 gnolls (D:4)
  8 adders
  2 oozes
  2 adder skeletons
  A worm (D:4)
  2 dart slugs
  4 leopard geckos
  15 orcs
  4 bats
  2 giant cockroaches
  7 hobgoblins
  4 quokkas
  A ball python (D:1)
  A frilled lizard (D:3)
  8 goblins
  12 kobolds
  5 rats
101 creatures vanquished.

Notes
Turn   | Place    | Note
-------+----------+-------------------------------------------
     0 | D:1      | Hildebrand the Minotaur Berserker began the quest for the Orb.
     0 | D:1      | Reached XP level 1. HP: 19/19 MP: 0/0
   134 | D:1      | Reached XP level 2. HP: 14/27 MP: 1/1
  1190 | D:2      | Reached XP level 3. HP: 22/34 MP: 2/2
  1684 | D:3      | Noticed Terence
  1701 | D:3      | Killed Terence
  1701 | D:3      | Reached XP level 4. HP: 30/41 MP: 3/3
  1826 | D:3      | Reached skill level 5 in Axes
  1848 | D:3      | Reached ** piety under Trog
  1848 | D:3      | Reached skill level 5 in Fighting
  2318 | D:4      | Reached XP level 5. HP: 32/49 MP: 4/4
  2319 | D:4      | Noticed a phantom
  2364 | D:4      | Killed a phantom
  2364 | D:4      | Reached XP level 6. HP: 39/57 MP: 5/5
  2418 | D:4      | Found Nomnuutiepn's Weapon Emporium.
  2452 | D:4      | Found Toiluneh's Weapon Shoppe.
  2470 | D:4      | Noticed a hungry ghost
  2502 | D:4      | Killed a hungry ghost
  2513 | D:4      | Found Jogeyhul's Food Emporium.
  2595 | D:4      | Reached XP level 7. HP: 63/66 MP: 6/6
  2657 | D:4      | Found a hazy altar of Hepliaklqana.
  2658 | D:4      | Found a hide-covered altar of Uskayaw.
  2659 | D:4      | Found a snail-covered altar of Cheibriados.
  2661 | D:4      | Found a shadowy altar of Dithmenos.
  2683 | D:4      | Found Qeigh's Antique Weapon Shoppe.
  2746 | D:4      | Noticed Menkaure
  2752 | D:4      | Killed Menkaure
  2777 | D:4      | Found a sparkling altar of Nemelex Xobeh.
  3012 | D:5      | Entered Level 5 of the Dungeon
  3012 | D:5      | Found a transporter.
  3021 | D:5      | Noticed OneManBand's ghost (novice HOMo)
  3023 | D:5      | Found a transporter.
  3088 | D:5      | Found a staircase to the Ecumenical Temple.
  3122 | Temple   | Entered the Ecumenical Temple
  3313 | D:5      | Noticed Prince Ribbit
  3379 | D:5      | Reached XP level 8. HP: 57/75 MP: 7/7
  3533 | D:5      | Found a sacrificial altar of Ru.
  3685 | D:5      | Slain by Prince Ribbit

Skill      XL: |  1  2  3  4  5  6  7 |
---------------+----------------------+-----
Fighting       | 4 5 6 7 8 |  8.9
Axes           | 4 5 6 7 8 |  8.9
Armour         | |  2.4
Dodging        | |  2.1

Action                   |  1- 3 |  4- 6 |  7- 9 || total
-------------------------+-------+-------+-------++-------
Melee: Hand axe          |    59 |   117 |   120 ||   296
       Headbutt          |    11 |    13 |    21 ||    45
Invok: Trog's Hand       |       |     5 |     5 ||    10
       Berserk           |       |     2 |     2 ||     4
  Use: Scroll            |     5 |     2 |     3 ||    10
  Eat: Chunk             |     2 |     7 |     7 ||    16
       Ration            |       |     1 |       ||     1
Armor: Animal skin       |     6 |       |       ||     6
       Scale mail        |    16 |    40 |    15 ||    71
       Chain mail        |       |       |    29 ||    29
Dodge: Dodged            |    33 |    61 |    51 ||   145
